 Dungeon Crawl Stone Soup version 0.27-a0-1090-gb115f176c6 (console) character file.

Game seed: 18331923895106082068

49 nht the Charlatan (level 3, 23/26 HPs)
             Began as a Demonspawn Artificer on Apr 27, 2021.
             Was a Follower of Kikubaaqudgha.
             Quit the game on level 2 of the Dungeon.
             The game lasted 00:02:38 (2284 turns).

nht the Charlatan (Demonspawn Artificer)            Turns: 2284, Time: 00:02:38

Health: 23/26      AC:  4    Str: 12    XL:     3   Next: 51%
Magic:  0/3        EV: 11    Int: 13    God:    Kikubaaqudgha [*.....]
Gold:   41         SH:  4    Dex: 13    Spells: 1/2 levels left

rFire    . . .     SeeInvis .   a - +0 club
rCold    . . .     Faith    .   (no shield)
rNeg     . . .     Spirit   .   b - +0 leather armour
rPois    .         Reflect  .   (helmet restricted)
rElec    .         Harm     .   h - +0 cloak
rCorr    .         Rampage  .   (no gloves)
Will     .....                  (no boots)
Stlth    +.........             (no amulet)
HPRegen  0.08/turn              (no ring)
MPRegen  0.08/turn              (no ring)

@: no status effects
A: horns 1, condensation shield
a: Renounce Religion, Receive Corpses


You were on level 2 of the Dungeon.
You worshipped Kikubaaqudgha.
Kikubaaqudgha was aware of your devotion.
You visited 1 branch of the dungeon, and saw 2 of its levels.

You collected 41 gold pieces.

Inventory:

Hand Weapons
 a - a +0 club (weapon)
Armour
 b - a +0 leather armour (worn)
 h - a +0 cloak (worn)
Wands
 d - a wand of charming (10)
Scrolls
 c - a scroll of fear {unknown}
 f - a scroll of identify {unknown}
 g - 2 scrolls of teleportation {unknown}
 i - a scroll of enchant weapon {unknown}
 l - a scroll of amnesia {unknown}
Potions
 j - a potion of heal wounds {unknown}
 k - a potion of curing {unknown}
Miscellaneous
 e - a piece from Xom's chessboard (15/15)


   Skills:
 - Level 1.0 Fighting
 - Level 1.7 Armour
 - Level 0.8 Dodging
 - Level 0.8 Stealth
 + Level 2.9 Necromancy
 - Level 3.5 Evocations


You had one spell level left.
You knew the following spells:

 Your Spells              Type           Power      Damage    Failure   Level
a - Pain                  Necr           28%        1d5       12%         1

Your spell library contained the following spells:

 Spells                   Type           Power      Damage    Failure   Level
 Sublimation of Blood     Necr           3%         N/A       19%         2
 Corpse Rot               Necr/Air       N/A        N/A       32%         2
 Vampiric Draining        Necr           3%         2d6       34%         3


Dungeon Overview and Level Annotations

Branches:
Dungeon (2/15)

Altars:
Kikubaaqudgha


Innate Abilities, Weirdness & Mutations

You have a pair of small horns on your head.
A meltable shield of frost defends you. (SH +4)


Message History

You barely miss the quokka.
The quokka is moderately wounded.
The quokka closely misses you. The quokka bites you.
You hit the quokka but do no damage.
The quokka is moderately wounded.
The quokka bites you.
You closely miss the quokka. You headbutt the quokka.
The quokka is almost dead.
The quokka barely misses you. The goblin closely misses you.
The quokka barely misses you.
You hit the quokka but do no damage.
The quokka is almost dead.
The goblin hits you with a +0 club. The quokka bites you.
You closely miss the quokka. You headbutt the quokka.
You kill the quokka!
Kikubaaqudgha accepts your kill. The goblin hits you with a +0 club. x2
You barely miss the goblin. You headbutt the goblin.
You kill the goblin!
Kikubaaqudgha accepts your kill.
No target in view!
Your magical contamination has completely faded away.
You see here a quokka corpse.
Things that are here:
a +0 club; a goblin corpse You now have 41 gold pieces (gained 7).
You open the door.
There is an open door here.
l - a scroll labelled BODEIG TYHUJOCO A hobgoblin comes into view.
The hobgoblin shouts!
A bat comes into view.
The hobgoblin writhes in agony.
An adder comes into view.
The hobgoblin struggles to resist.
The adder hisses angrily.
The hobgoblin writhes in agony.
You kill the hobgoblin!
Kikubaaqudgha accepts your kill.
Are you sure you want to abandon this character and quit the game? (Confirm with "yes".)

... +....'...... .█
███.████...████████ .
.......†...........
█.███.█..)███████████
.███.█.............
..█.█...██████████
█.█.█.............
█.███.█.████'███████
█ █.b.S†@.████.█
.......██.....█


███████ █.█████ █.█ █.█ █.█ █.. .. █.. .. █.. .. You could see an adder and a
bat.

Vanquished Creatures
  3 dart slugs (D:1)
  4 ball pythons (D:1)
  4 endoplasms (D:1)
  6 goblins
  4 hobgoblins
  5 kobolds
  4 quokkas
  2 bats (D:1)
  2 frilled lizards
  3 rats (D:1)
37 creatures vanquished.

Vanquished Creatures (others)
  A giant cockroach (D:1)
  4 jackals (D:1)
5 creatures vanquished.

Grand Total: 42 creatures vanquished

Notes
Turn   | Place    | Note
-------+----------+-------------------------------------------
     0 | D:1      | nht the Demonspawn Artificer began the quest for the Orb.
     0 | D:1      | Reached XP level 1. HP: 15/15 MP: 1/1
    80 | D:1      | Found a faded altar of an unknown god.
   217 | D:1      | Became a worshipper of Kikubaaqudgha
   217 | D:1      | Reached * piety under Kikubaaqudgha
   217 | D:1      | Identified Kikubaaqudgha's Papyrus of Evil (Kikubaaqudgha
                  | gifted it to you on level 1 of the Dungeon)
   217 | D:1      | Received a gift from Kikubaaqudgha
   229 | D:1      | Gained mutation: A meltable shield of frost defends you.
                  | (SH +4) [demonic ancestry]
   229 | D:1      | Reached XP level 2. HP: 21/21 MP: 2/2
   284 | D:1      | Reached skill level 1 in Necromancy
   808 | D:1      | Learned a level 1 spell: Pain
   914 | D:1      | Gained mutation: You have a pair of small horns on your
                  | head. [demonic ancestry]
   914 | D:1      | Reached XP level 3. HP: 16/26 MP: 0/3
  2284 | D:2      | Quit the game

Illustrated notes

Levels and vault maps discovered:
D:1:      minmay_arrival_up_and_down, layout_loops_corners,
          shapermc_ecumenical_altar_totnotflames
D:2:      layout_basic, serial_co_window_serial, co_window_of_opportunity_a,
          co_window_paths_a, co_window_of_opportunity_a, co_window_corner_a,
          co_window_paths_b, co_window_broadway_a, co_window_paths_c,
          co_window_corner_ca, co_window_unsneaky_path_a

Skill      XL: |  1  2 |
---------------+-------+-----
Necromancy     | 2 |  2.9
Fighting       | |  1.0
Armour         | |  1.7
Dodging        | |  0.8
Stealth        | |  0.8
Evocations     | |  3.5

Action                   || total
-------------------------++-------
Melee: Club              ||    57
       Headbutt          ||     4
 Cast: Pain              ||    30
Evoke: Wand              ||    20
 Stab: Sleeping          ||     2
Armor: Leather armour    ||    10
Dodge: Dodged            ||    25
Block: Other             ||    10

Table legend: (Time is in decaauts)
 A = Elapsed time spent in this place.
 B = Non-inter-level travel time spent in this place.
 C = Inter-level travel time spent in this place.
 D = Time resting spent in this place.
 E = Time spent auto-exploring this place.
 F = Levels seen in this place.
 G = Mean time per level.
                   A        B        C        D        E       F      G
               +--------+--------+--------+--------+--------+-----+--------+
         Total |   2302 |   2257 |     45 |      0 |   1996 |   2 | 1151.0 |
       Dungeon |   2302 |   2257 |     45 |      0 |   1996 |   2 | 1151.0 |
               +--------+--------+--------+--------+--------+-----+--------+

Top non-repeatable levels by time:
     D:1: 1970 daAuts
     D:2: 332 daAuts
